 Dungeon Crawl Stone Soup version 0.22-a0-42-g002c468 (webtiles) character file.

193 tidbits the Grave Robber (level 5, 0/37 HPs)
             Began as a Gnoll Necromancer on Jan 5, 2018.
             Killed from afar by an orc wizard (12 damage)
             ... with a puff of flame
             ... on level 4 of the Dungeon.
             The game lasted 00:07:51 (834 turns).

tidbits the Grave Robber (Gnoll Necromancer)         Turns: 834, Time: 00:07:51

Health: 0/37       AC:  3    Str: 11    XL:     5   Next: 72%
Magic:  12/12      EV: 15    Int: 18    God:
Gold:   145        SH:  0    Dex: 15    Spells: 6/14 levels left

rFire    . . .     SeeInvis .   a - +1 short sword (venom)
rCold    . . .     Gourm    .   (no shield)
rNeg     . . .     Faith    .   B - +0 robe
rPois    .         Spirit   .   (no helmet)
rElec    .         Reflect  .   C - +0 cloak
rCorr    .         Harm     .   (no gloves)
MR       .....                  (no boots)
Stlth    +++.......             (no amulet)
HPRegen  0.12/turn              (no ring)
MPRegen  0.13/turn              (no ring)

@: no status effects
A: distributed training, fangs 1, strong nose
a: no special abilities


You were on level 4 of the Dungeon.
You were not hungry.

You visited 1 branch of the dungeon, and saw 5 of its levels.

You collected 145 gold pieces.

Inventory:

Hand Weapons
 a - a +1 short sword of venom (weapon)
   (You took it off a kobold on level 2 of the Dungeon)
 f - a +3 dagger
 j - a +0 dagger
 k - a +0 mace of holy wrath
   (You found it on level 2 of the Dungeon)
 l - a +4 quarterstaff of chaos
   (You took it off Crazy Yiuf on level 2 of the Dungeon)
Armour
 B - a +0 robe (worn)
 C - a +0 cloak (worn)
Scrolls
 e - a scroll of teleportation
 g - a scroll of fog
 i - 2 scrolls of identify
 m - a scroll of enchant armour {unknown}
Potions
 d - 2 potions of flight
Books
 b - a book of Necromancy

   Spells                             Type                      Level
   a - Pain                           Necromancy                   1
   b - Animate Skeleton               Necromancy                   1
   c - Vampiric Draining              Necromancy                   3
   d - Regeneration                   Charms/Necromancy            3
   e - Animate Dead                   Necromancy                   4
   f - Borgnjor's Vile Clutch         Necromancy/Earth             5
Comestibles
 c - 4 rations


   Skills:
 + Level 1.6 Fighting
 + Level 1.6 Short Blades
 + Level 1.6 Long Blades
 + Level 1.6 Axes
 + Level 1.6 Maces & Flails
 + Level 1.6 Polearms
 + Level 1.6 Staves
 + Level 1.6 Slings
 + Level 1.6 Bows
 + Level 1.6 Crossbows
 + Level 1.6 Throwing
 + Level 1.6 Armour
 + Level 4.8 Dodging
 + Level 4.4 Stealth
 + Level 1.6 Shields
 + Level 1.6 Unarmed Combat
 + Level 5.2 Spellcasting
 + Level 1.2 Conjurations
 + Level 1.2 Hexes
 + Level 1.2 Charms
 + Level 1.2 Summonings
 + Level 7.2 Necromancy
 + Level 1.2 Translocations
 + Level 1.2 Transmutations
 + Level 1.2 Fire Magic
 + Level 1.2 Ice Magic
 + Level 1.2 Air Magic
 + Level 1.2 Earth Magic
 + Level 1.2 Poison Magic
 + Level 1.8 Invocations
 + Level 1.6 Evocations


You had 6 spell levels left.
You knew the following spells:

 Your Spells              Type           Power        Failure   Level  Hunger
a - Pain                  Necr           ####         1%          1    None
d - Vampiric Draining     Necr           ####......   1%          3    ##.....
n - Animate Skeleton      Necr           N/A          1%          1    None
r - Regeneration          Chrm/Necr      ###.......   7%          3    ##.....


Dungeon Overview and Level Annotations

Branches:
Dungeon (5/15)
 Temple: D:4-7

Altars:
The Shining One

Annotations:
D:4 Dowan; Duvessa
D:5 Curus's ghost, novice HOAK


Innate Abilities, Weirdness & Mutations

Your experience applies equally to all skills.
You have very sharp teeth.
Your uncanny sense of smell can sniff out nearby items.


Message History

A gnoll comes into view. It is wielding a spear.
The gnoll shouts!
A gnoll comes into view. It is wielding a flail.
Found a stone staircase leading down.
Found an encrusted silver wand.
Found 13 gold pieces.
An orc priest comes into view. It is wielding a hand axe.
An orc and an orc wizard come into view.
The orc priest shouts!
The orc wizard shouts!
The orc wizard gestures wildly while chanting.
The orc wizard seems to speed up. 2 orcs come into view.
There is a stone staircase leading down here.
You climb downwards.
An adder skeleton comes into view.
There is a stone staircase leading up here.
The helpless adder skeleton fails to defend itself.
You puncture the adder skeleton!
The adder skeleton is severely damaged.
The adder skeleton barely misses you.
You barely miss the adder skeleton.
The adder skeleton is severely damaged.
The adder skeleton closely misses you.
You hit the adder skeleton.
You destroy the adder skeleton!
Found 14 gold pieces.
A phantom comes into view.
You see here 14 gold pieces.
You see here 14 gold pieces.
You now have 145 gold pieces (gained 14).
Wield which item (- for none, * to show all)? (? for menu, Esc to quit)
Your +1 short sword of venom stops dripping with poison.
Your +4 quarterstaff of chaos is briefly surrounded by a scintillating aura of random colours.
l - a +4 quarterstaff of chaos (weapon)
You hit the phantom.
The phantom is lightly damaged.
The phantom barely misses you.
You hit the phantom.
The phantom flickers and vanishes!
Something hits you but does no damage. Something hits you.
You miss something. You closely miss something. Something hits you.
You closely miss something. You bite something. Something hits you.
You swing at nothing.
You barely miss something. Something hits you!
You swing at nothing.
An iguana comes into view.
Wield which item (- for none, * to show all)? (? for menu, Esc to quit)
Your +1 short sword of venom begins to drip with poison!
a - a +1 short sword of venom (weapon)
You barely miss the iguana. The iguana bites you!
* * * LOW HITPOINT WARNING * * *
Casting: Pain
Confirm with . or Enter, or press ? or * to list all spells.
Aiming: Vampiric Draining
Press: ? - help, Shift-Dir - straight line, f - iguana
Aim: an iguana The iguana is heavily wounded.
You feel life coursing into your body. The iguana bites you!
* * * LOW HITPOINT WARNING * * *
Casting: Vampiric Draining
Confirm with . or Enter, or press ? or * to list all spells.
Aiming: Vampiric Draining
Press: ? - help, Shift-Dir - straight line, f/p - iguana
Aim: an iguana (heavily wounded)
You kill the iguana!
You feel life coursing into your body. Something hits you.
* * * LOW HITPOINT WARNING * * *
Found a blackened cabochon ring.
A frilled lizard comes into view.
A hound skeleton comes into view.
Okay, then.
A phantom appears from thin air!
You feel better.
The phantom blinks!
The phantom blinks!
Curus's ghost (novice Hill Orc Abyssal Knight) comes into view.
It is wielding a weapon of electrocution.
An ooze comes into view.
The ooze quivers.
Curus's ghost turns its malevolent gaze towards you.
A worker ant comes into view.
There is a stone staircase leading up here.
You climb upwards.
Level annotation: Duvessa Dowan, Brother of Duvessa comes into view.
He is wielding a dagger of speed.
The orc priest calls down the wrath of Beogh upon you.
Beogh smites you!
* * * LOW HITPOINT WARNING * * *
The gnoll misses you.
The orc shouts!
Duvessa shouts!
An orc comes into view. It is wielding a club.
There is a stone staircase leading down here.
The orc shouts!
You hear a shout!
The gnoll closely misses you.
Dowan says, "Stay away from my face!"
Dowan gestures at Duvessa while chanting.
Duvessa seems to speed up.
The orc wizard gestures at you while chanting.
The puff of flame hits you!
You die...

####.. .....# ∆
..#...... ### oo......e
..### #........ #...###
#........ ###...##
###....$... # ###..##
#....o.e... # ##..###
##.#....o... #
##...###..#@.....o.
#########..##.g.g.......
......##...gg.##..../...
## #....####.##........
. #.....# ........oo..
.....##g## #............
..... .g. #..####......
%..# #...g ...# ......
.?. .....g..## .....


You could see Duvessa, Dowan, 2 orc priests, an orc wizard, 4 gnolls and 4 orcs.

Vanquished Creatures
  A sky beast (D:3)
  Crazy Yiuf (D:2)
  An iguana (D:5)
  An adder skeleton (D:5)
  A worm (D:2)
  2 leopard geckos (D:1)
  4 orcs (D:3)
  2 ball pythons (D:1)
  3 giant cockroaches
  3 goblins
  5 hobgoblins
  2 jackals
  8 kobolds
  2 bats
  3 frilled lizards
  A rat (D:1)
40 creatures vanquished.

Notes
Turn   | Place    | Note
-------+----------+-------------------------------------------
     0 | D:1      | tidbits the Gnoll Necromancer began the quest for the Orb.
     0 | D:1      | Reached XP level 1. HP: 13/13 MP: 6/6
   106 | D:2      | Reached XP level 2. HP: 7/19 MP: 3/7
   109 | D:2      | Learned a level 1 spell: Animate Skeleton
   158 | D:2      | Found a glowing golden altar of the Shining One.
   173 | D:2      | HP: 1/20 [jackal (1)]
   296 | D:1      | Reached XP level 3. HP: 6/25 MP: 0/9
   348 | D:1      | Learned a level 3 spell: Regeneration
   353 | D:1      | Learned a level 3 spell: Vampiric Draining
   365 | D:1      | Reached skill level 5 in Spellcasting
   488 | D:2      | Found a runed door.
   492 | D:2      | Noticed Crazy Yiuf
   498 | D:2      | Killed Crazy Yiuf
   498 | D:2      | Reached skill level 1 in Fighting
   498 | D:2      | Reached skill level 1 in Short Blades
   498 | D:2      | Reached skill level 1 in Long Blades
   498 | D:2      | Reached skill level 1 in Axes
   498 | D:2      | Reached skill level 1 in Maces & Flails
   498 | D:2      | Reached skill level 1 in Polearms
   498 | D:2      | Reached skill level 1 in Staves
   498 | D:2      | Reached skill level 1 in Slings
   498 | D:2      | Reached skill level 1 in Bows
   498 | D:2      | Reached skill level 1 in Crossbows
   498 | D:2      | Reached skill level 1 in Throwing
   498 | D:2      | Reached skill level 1 in Armour
   498 | D:2      | Reached skill level 1 in Shields
   498 | D:2      | Reached skill level 1 in Unarmed Combat
   498 | D:2      | Reached skill level 1 in Invocations
   498 | D:2      | Reached skill level 1 in Evocations
   498 | D:2      | Reached XP level 4. HP: 11/32 MP: 1/11
   622 | D:3      | Noticed a sky beast
   640 | D:3      | Killed a sky beast
   640 | D:3      | Reached skill level 1 in Conjurations
   640 | D:3      | Reached skill level 1 in Hexes
   640 | D:3      | Reached skill level 1 in Charms
   640 | D:3      | Reached skill level 1 in Summonings
   640 | D:3      | Reached skill level 1 in Translocations
   640 | D:3      | Reached skill level 1 in Transmutations
   640 | D:3      | Reached skill level 1 in Fire Magic
   640 | D:3      | Reached skill level 1 in Ice Magic
   640 | D:3      | Reached skill level 1 in Air Magic
   640 | D:3      | Reached skill level 1 in Earth Magic
   640 | D:3      | Reached skill level 1 in Poison Magic
   640 | D:3      | Reached XP level 5. HP: 9/37 MP: 8/12
   682 | D:3      | Noticed an orc warrior
   744 | D:4      | Noticed Duvessa
   744 | D:5      | Entered Level 5 of the Dungeon
   759 | D:5      | Noticed a phantom
   806 | D:5      | Noticed Curus's ghost (novice HOAK)
   833 | D:4      | Noticed Dowan
   834 | D:4      | Killed from afar by an orc wizard

Vault maps used:
D:1:      minmay_arrival_solitary_statue
D:2:      tso_metal_star, uniq_crazy_yiuf_cottage
D:4:      first_ration, minmay_crossroads, uniq_blork_the_orc, uniq_duvessa
D:5:      grunt_temple_overflow_open, okawaru_metal_pillars_1_2

Skill      XL: |  1  2  3  4 |
---------------+-------------+-----
Spellcasting   | 5 |  5.2
Fighting       | 1 |  1.6
Short Blades   | 1 |  1.6
Long Blades    | 1 |  1.6
Axes           | 1 |  1.6
Maces & Flails | 1 |  1.6
Polearms       | 1 |  1.6
Staves         | 1 |  1.6
Slings         | 1 |  1.6
Bows           | 1 |  1.6
Crossbows      | 1 |  1.6
Throwing       | 1 |  1.6
Armour         | 1 |  1.6
Shields        | 1 |  1.6
Unarmed Combat | 1 |  1.6
Invocations    | 1 |  1.8
Evocations     | 1 |  1.6
Conjurations   | 1 |  1.2
Hexes          | 1 |  1.2
Charms         | 1 |  1.2
Summonings     | 1 |  1.2
Translocations | 1 |  1.2
Transmutations | 1 |  1.2
Fire Magic     | 1 |  1.2
Ice Magic      | 1 |  1.2
Air Magic      | 1 |  1.2
Earth Magic    | 1 |  1.2
Poison Magic   | 1 |  1.2
Dodging        | |  4.8
Stealth        | |  4.4
Necromancy     | |  7.2

Action                   |  1- 3 |  4- 6 || total
-------------------------+-------+-------++-------
Melee: Dagger            |    20 |       ||    20
       Short sword       |     1 |    17 ||    18
       Bite              |     1 |     1 ||     2
       Quarterstaff      |       |     6 ||     6
 Cast: Pain              |    47 |    12 ||    59
       Regeneration      |     1 |     3 ||     4
       Vampiric Draining |       |     2 ||     2
  Use: Potion            |     3 |     1 ||     4
       Scroll            |       |     2 ||     2
 Stab: Sleeping          |       |     2 ||     2
Armor: Robe              |     2 |     3 ||     5
Dodge: Dodged            |    17 |    11 ||    28

Table legend:
 A = Spawn XP
 B = Non-spawn XP
 C = Spawn XP percentage of total XP
 D = Spawn monster count
 E = Non-spawn monster count
 F = Spawn count percentage of total count
 G = Total turns spent on level
                    A         B        C        D         E        F      G
               +---------+---------+-------+---------+---------+-------+---------
         Total |       0 |     276 |   0.0 |       0 |      40 |   0.0 |   834
               +---------+---------+-------+---------+---------+-------+---------
           D:1 |       0 |      27 |   0.0 |       0 |      16 |   0.0 |   260
           D:2 |       0 |      64 |   0.0 |       0 |      12 |   0.0 |   244
           D:3 |       0 |     143 |   0.0 |       0 |      10 |   0.0 |   207
           D:5 |       0 |      42 |   0.0 |       0 |       2 |   0.0 |    89
               +---------+---------+-------+---------+---------+-------+---------

Table legend:
 A = Turns spent in this place as a percentage of turns spent in the entire game.
 B = Non-inter-level travel turns spent in this place as a percentage of non-inter-level travel turns spent in the entire game.
 C = Inter-level travel turns spent in this place as a percentage of turns spent in this place.
 D = Turns resting spent in this place as a percentage of non-inter-level travel turns spent in this place.
 E = Turns spent auto-exploring this place as a percentage of non-inter-level travel turns spent in this place.
 F = Non-inter-level travel turns spent in this place divided by the number of levels of this place that you've seen.
                   A       B       C       D       E      F
               +-------+-------+-------+-------+-------+----------------------
         Total | 100.0 | 100.0 |   2.4 |   0.0 |   0.0 | 162.8
       Dungeon | 100.0 | 100.0 |   2.4 |   0.0 |   0.0 | 162.8
               +-------+-------+-------+-------+-------+----------------------

Table legend:
 A = Kills in this place as a percentage of kills in entire the game.
 B = Kills by you in this place as a percentage of kills by you in the entire game.
 C = Kills by friends in this place as a percentage of kills by friends in the entire game.
 D = Other kills in this place as a percentage of other kills in the entire game.
 E = Experience gained in this place as a percentage of experience gained in the entire game.
 F = Experience gained in this place divided by the number of levels of this place that you have seen.
                   A       B       C       D       E      F
               +-------+-------+-------+-------+-------+----------------------
         Total | 100.0 | 100.0 |   N/A |   N/A | 100.0 |  55.2
       Dungeon | 100.0 | 100.0 |   N/A |   N/A | 100.0 |  55.2
               +-------+-------+-------+-------+-------+----------------------

Vault maps used:
D:1:      minmay_arrival_solitary_statue
D:2:      tso_metal_star, uniq_crazy_yiuf_cottage
D:4:      first_ration, minmay_crossroads, uniq_blork_the_orc, uniq_duvessa
D:5:      grunt_temple_overflow_open, okawaru_metal_pillars_1_2
